 Dungeon Crawl Stone Soup version 0.21.1-1-g345015fe64 (webtiles) character file.

2360 Lothor the Cruncher (level 9, -7/65 HPs)
             Began as a Formicid Fighter on Mar 24, 2018.
             Was a Priest of Okawaru.
             Killed from afar by melenkurio's ghost (22 damage)
             ... with a stone arrow
             ... on level 7 of the Dungeon.
             The game lasted 00:21:12 (6831 turns).

Lothor the Cruncher (Formicid Fighter)              Turns: 6831, Time: 00:21:14

Health: -7/65      AC: 13    Str: 21    XL:     9   Next: 72%
Magic:  9/9        EV:  7    Int:  8    God:    Okawaru [***...]
Gold:   283        SH: 10    Dex: 13    Spells: 8/8 levels left

rFire    + . .     SeeInvis +   F - +7 war axe "Demon's Nightmare" {chop, rN++}
rCold    x . .     Gourm    .   c - +0 shield
rNeg     + + .     Faith    .   I - +0 chain mail {MR+}
rPois    .         Spirit   .   (helmet unavailable)
rElec    .         Reflect  .   z - +1 cloak
rCorr    .         Harm     .   (no gloves)
MR       +....                  p - +1 pair of boots
Stlth    ..........             (no amulet)
HPRegen  0.20/turn              e - ring of wizardry
MPRegen  0.11/turn              r - ring of fire

@: lethally poisoned (-7 -> -41)
A: permanent stasis, dig shafts and tunnels, four strong arms, antennae 3
a: Dig, Shaft Self, Heroism, Renounce Religion


You were on level 7 of the Dungeon.
You worshipped Okawaru.
Okawaru was most pleased with you.
You were not hungry.

You visited 2 branches of the dungeon, and saw 8 of its levels.

You collected 283 gold pieces.

Inventory:

Hand Weapons
 w - a +3 quarterstaff of chaos
 F - the +7 war axe "Demon's Nightmare" (weapon) {chop, rN++}
   (You found it on level 6 of the Dungeon)

   It inflicts extra damage upon your enemies.
   It greatly protects you from negative energy.
Missiles
 j - 9 tomahawks
 l - 54 sling bullets
 q - 143 stones
 B - 2 tomahawks of returning (quivered)
 E - 54 bolts
Armour
 c - a +0 shield (worn)
 n - a +0 plate armour
 p - a +1 pair of boots (worn)
 z - a +1 cloak (worn)
 I - a +0 chain mail of magic resistance (worn)
Jewellery
 e - a ring of wizardry (left hand)
 r - a ring of fire (right hand)
Wands
 D - a wand of polymorph (18)
Scrolls
 k - a scroll of fear {unknown}
 m - 3 scrolls of remove curse {unknown}
 u - 3 scrolls of enchant weapon {unknown}
 x - 2 scrolls of blinking {unknown}
 y - a scroll of random uselessness {unknown}
 A - a scroll of teleportation {unknown}
 C - 4 scrolls of enchant armour {unknown}
 G - a scroll of immolation {unknown}
 H - a scroll of magic mapping {unknown}
Potions
 d - 2 potions of might
 h - 5 potions of curing {unknown}
 i - a potion of flight {unknown}
 o - 2 potions of heal wounds {unknown}
 s - 2 potions of resistance {unknown}
 t - 2 potions of brilliance {unknown}
 v - 2 potions of degeneration {unknown}
Books
 g - a book of Misfortune

   Spells                             Type                      Level
   a - Confusing Touch                Hexes                        1
   b - Confuse                        Hexes                        3
   c - Gell's Gravitas                Translocation                3
   d - Petrify                        Transmutation/Earth          4
   e - Metabolic Englaciation         Hexes/Ice                    5
   f - Yara's Violent Unravelling     Hexes/Transmutation          5
Comestibles
 a - 5 chunks of flesh
 f - 13 rations


   Skills:
 + Level 4.0 Fighting
 * Level 2.6(4.1) Axes
   Level 4.8(8.2) Polearms
 - Level 9.9(10.4) Staves
 + Level 1.6 Throwing
 + Level 4.0 Armour
 - Level 1.6 Dodging
 - Level 0.7 Stealth
 + Level 4.4 Shields


You had 8 spell levels left.
You didn't know any spells.

Dungeon Overview and Level Annotations

Branches:
Dungeon (7/15)             Temple (1/1) D:4

Altars:
Ashenzari
Cheibriados
Dithmenos
Elyvilon
Fedhas
Gozag
Kikubaaqudgha
Makhleb
Nemelex Xobeh
Okawaru
Qazlal
Ru
Sif Muna
Trog
Uskayaw
Vehumet
Wu Jian
Xom
Zin
The Shining One

Annotations:
D:7 melenkurio's ghost, novice DDEE


Innate Abilities, Weirdness & Mutations

You cannot be hasted, slowed, berserked, paralysed or teleported.
You can dig through walls and to a lower floor.
Your four strong arms can wield two-handed weapons with a shield.
You have a pair of large antennae on your head. (SInv)


Message History

You feel very sick.
Melenkurio's ghost points at you and mumbles some strange words.
The blast of sand hits you!
Unknown command.
You barely miss melenkurio's ghost.
Melenkurio's ghost is heavily damaged.
You feel very sick. You block melenkurio's ghost's attack.
Melenkurio's ghost barely misses you.
You slash melenkurio's ghost!
Melenkurio's ghost is heavily damaged.
You feel very sick.
Melenkurio's ghost hits you but does no damage.
You are more poisoned.
You hit melenkurio's ghost.
Melenkurio's ghost is severely damaged.
* * * LOW HITPOINT WARNING * * *
You feel very sick.
Melenkurio's ghost casts a spell at you.
The stone arrow hits you!
You die...

#.....##..#.#[####.......
#.....##.##.#.##.........
##.#####......##.........
#.# #...##.###.........
#.####...........#......
#.#...........#.#.......
#.#.##.....).##.........
#...##.........W..#.....
###.####........@#### ...
......##.........# .
......#..)......##
.........)......#
.......<รท.......#
...............##
.......).#####.#
#####...######.##
###...#.........


You could see melenkurio's ghost.

Vanquished Creatures
  Eustachio (D:4)
  4 ice beasts (D:5)
  2 sky beasts
  3 ogres
  A phantom (D:5)
  A necrophage (D:5)
  A centaur (D:4)
  3 bullfrogs (D:7)
  5 howler monkeys
  2 crimson imps
  2 hounds
  A human zombie (D:7)
  A jelly (D:6)
  Crazy Yiuf (D:3)
  2 orc wizards
  A centaur skeleton (D:7)
  An iguana (D:5)
  Terence (D:3)
  9 worker ants
  A hound skeleton (D:6)
  2 mummies (D:7)
  A howler monkey skeleton (D:5)
  3 adders
  2 worker ant zombies
  6 leopard geckos
  19 orcs
  6 giant cockroaches
  5 goblins
  11 hobgoblins
  21 jackals
  A quokka (D:3)
  2 ball pythons (D:3)
  4 bats
  9 frilled lizards
  4 kobolds
  2 leopard gecko skeletons
  A quokka skeleton (D:4)
  9 rats
  2 plants (Temple)
153 creatures vanquished.

Notes
Turn   | Place    | Note
-------+----------+-------------------------------------------
     0 | D:1      | Lothor the Formicid Fighter began the quest for the Orb.
     0 | D:1      | Reached XP level 1. HP: 18/18 MP: 1/1
    84 | D:1      | Reached XP level 2. HP: 19/24 MP: 2/2
   420 | D:1      | Reached XP level 3. HP: 27/29 MP: 3/3
  1125 | D:2      | Found an opulent altar of Gozag.
  1127 | D:2      | Found a radiant altar of Vehumet.
  1128 | D:2      | Found a blossoming altar of Fedhas.
  1426 | D:2      | Reached skill level 1 in Dodging
  1426 | D:2      | Reached XP level 4. HP: 17/35 MP: 4/4
  2197 | D:3      | Found an ornate altar of the Wu Jian Council.
  2529 | D:3      | Noticed Terence
  2545 | D:3      | Killed Terence
  2545 | D:3      | Reached XP level 5. HP: 34/41 MP: 5/5
  2619 | D:3      | Found a stormy altar of Qazlal.
  2663 | D:3      | Found a runed door.
  2721 | D:3      | Found a glowing golden altar of the Shining One.
  2999 | D:3      | Noticed Crazy Yiuf
  3005 | D:3      | Killed Crazy Yiuf
  3273 | D:4      | Reached skill level 1 in Staves
  3307 | D:4      | Reached XP level 6. HP: 44/47 MP: 6/6
  3434 | D:4      | Reached skill level 2 in Staves
  3512 | D:4      | Reached skill level 3 in Staves
  3711 | D:4      | Found a staircase to the Ecumenical Temple.
  3727 | Temple   | Entered the Ecumenical Temple
  3978 | Temple   | Became a worshipper of Warmaster Okawaru
  4296 | D:4      | Noticed Eustachio
  4312 | D:4      | Reached skill level 4 in Staves
  4312 | D:4      | Reached XP level 7. HP: 52/52 MP: 7/7
  4325 | D:4      | Killed Eustachio
  4325 | D:4      | Reached skill level 5 in Staves
  4636 | D:4      | Reached * piety under Okawaru
  4636 | D:4      | Reached skill level 6 in Staves
  4696 | D:5      | Entered Level 5 of the Dungeon
  4708 | D:5      | Reached XP level 8. HP: 32/58 MP: 8/8
  4960 | D:5      | Found a deep blue altar of Sif Muna.
  4989 | D:5      | Reached skill level 7 in Staves
  5103 | D:5      | Found a hide-covered altar of Uskayaw.
  5125 | D:5      | Reached ** piety under Okawaru
  5125 | D:5      | Reached skill level 8 in Staves
  5237 | D:5      | Reached skill level 9 in Staves
  5271 | D:5      | Reached XP level 9. HP: 46/64 MP: 9/9
  5525 | D:5      | Found a bloodstained altar of Trog.
  6041 | D:6      | Found a glowing silver altar of Zin.
  6393 | D:6      | Got a crude war axe
  6429 | D:6      | Identified the +7 war axe "Demon's Nightmare" {chop, rN++} (You found it on level 6 of the Dungeon)
  6478 | D:7      | Reached skill level 1 in Axes
  6479 | D:7      | Reached skill level 1 in Throwing
  6486 | D:7      | Reached *** piety under Okawaru
  6813 | D:7      | Noticed melenkurio's ghost (novice DDEE)
  6831 | D:7      | Killed from afar by melenkurio's ghost

Skill      XL: |  1  2  3  4  5  6  7  8  9 |
---------------+----------------------------+-----
Polearms       | 3 4 |  4.8
Dodging        | 1 |  1.6
Staves         | 1 4 6 9 |  9.9
Axes           | 2 |  2.6
Throwing       | 1 |  1.6
Shields        | 4 |  4.4
Armour         | 4 |  4.0
Fighting       | 4 |  4.0
Stealth        | |  0.7

Action                   |  1- 3 |  4- 6 |  7- 9 || total
-------------------------+-------+-------+-------++-------
Melee: Trident           |   174 |   124 |       ||   298
       Quarterstaff      |       |   107 |   147 ||   254
       War axe           |       |       |    43 ||    43
Throw: Tomahawk          |       |       |    45 ||    45
  Use: Scroll            |       |     3 |     2 ||     5
 Stab: Distracted        |       |       |     1 ||     1
       Petrifying        |       |       |     1 ||     1
  Eat: Chunk             |     2 |     9 |     5 ||    16
       Ration            |       |       |     1 ||     1
Armor: Scale mail        |    65 |    93 |    50 ||   208
       Chain mail        |       |       |    30 ||    30
Dodge: Dodged            |    47 |    90 |    44 ||   181
Block: Shield            |    90 |   119 |    67 ||   276
